 Dungeon Crawl Stone Soup version 0.21.1-1-g345015fe64 (webtiles) character file.

15888 Norrik the Bludgeoner (level 12, -5/107 (110) HPs)
             Began as a Minotaur Monk on Mar 31, 2018.
             Was a High Priest of Okawaru.
             Slain by a large abomination (19 damage)
             ... on level 2 of the Abyss.
             The game lasted 00:35:50 (10544 turns).

Norrik the Bludgeoner (Minotaur Monk)              Turns: 10544, Time: 00:35:50

HP:   -5/107 (110)  AC: 24    Str: 24    XL:     12   Next: 5%
MP:   0/24          EV: 12    Int: 13    God:    Okawaru [*****.]
Gold: 528           SH:  0    Dex: 14    Spells: 11/11 levels left

rFire    . . .     SeeInvis .   T - +7 flail of the Vine {holy, rPois Str+4 Int+6}
rCold    . . .     Gourm    .   (no shield)
rNeg     . . .     Faith    .   R - +0 plate armour
rPois    +         Spirit   +   (helmet restricted)
rElec    .         Reflect  .   X - +2 cloak {MR+}
rCorr    .         Harm     .   d - +0 pair of gloves
MR       +....                  V - +0 pair of boots {run}
Stlth    ..........             C - amulet of guardian spirit
HPRegen  0.27/turn              t - ring of magical power
MPRegen  0.19/turn              D - ring of stealth

@: heroism, finesse, quick
A: retaliatory headbutt, horns 2
a: Heroism, Finesse, Renounce Religion


You were on level 2 of the Abyss.
You worshipped Okawaru.
Okawaru was extremely pleased with you.
You were not hungry.

You visited 2 branches of the dungeon, and saw 11 of its levels.
You visited the Abyss 1 time.

You collected 528 gold pieces.

Inventory:

Hand Weapons
 b - a +0 dire flail
 G - a +0 morningstar
 T - the +7 flail of the Vine (weapon) {holy, rPois Str+4 Int+6}
   (You found it on level 10 of the Dungeon)

   It has been blessed by the Shining One to cause great damage to the undead
   and demons.
   It affects your strength (+4).
   It affects your intelligence (+6).
   It protects you from poison.
 W - the +9 triple crossbow of Circularity {penet, rC+ MR+ Dex+4, unknown}
   (You found it on level 2 of the Abyss)

   Ammo fired by it will pass through the targets it hits, potentially hitting
   all targets in its path until it reaches maximum range.
   It affects your dexterity (+4).
   It protects you from cold.
   It affects your resistance to hostile enchantments.
Missiles
 m - 4 javelins (quivered)
 y - 6 exploding tomahawks
Armour
 d - a +0 pair of gloves (worn)
 O - a +2 pair of boots
 R - a +0 plate armour (worn)
 V - a +0 pair of boots of running (worn)
 X - a +2 cloak of magic resistance (worn)
Jewellery
 j - an uncursed amulet of rage
 t - a ring of magical power (left hand)
 w - an uncursed amulet of regeneration
 C - an amulet of guardian spirit (around neck)
 D - a ring of stealth (right hand)
 K - an uncursed ring of ice
 N - an uncursed ring of fire
 S - an uncursed ring of protection from magic {unknown}
 U - an uncursed ring of protection from magic {unknown}
 Y - a +2 amulet of reflection {unknown}
Wands
 v - a wand of acid (6)
 B - a wand of iceblast (13)
 E - a wand of digging (8)
 L - a wand of scattershot (5)
 P - a wand of polymorph (26)
Scrolls
 a - a scroll of immolation {unknown}
 g - 3 scrolls of identify
 h - a scroll of magic mapping
 l - 11 scrolls of teleportation
 p - 3 scrolls of blinking
 q - a scroll of fear {unknown}
 u - a scroll of fog
 z - a scroll of enchant weapon {unknown}
 A - 3 scrolls of remove curse
 I - a scroll of amnesia {unknown}
 Q - a scroll of acquirement {unknown}
Potions
 e - 2 potions of cancellation
 f - 2 potions of invisibility
 i - 2 potions of heal wounds
 k - a potion of haste
 o - 3 potions of ambrosia
 r - 2 potions of lignification
 s - 3 potions of agility
 x - a potion of might
 F - a potion of curing
 H - 4 potions of brilliance
 M - 2 potions of flight {unknown}
Books
 n - a book of Air

   Spells                             Type                      Level
   a - Shock                          Conjuration/Air              1
   b - Swiftness                      Charms/Air                   2
   c - Static Discharge               Conjuration/Air              3
   d - Airstrike                      Air                          4
   e - Lightning Bolt                 Conjuration/Air              5
 Z - a book of Maledictions

   Spells                             Type                      Level
   a - Corona                         Hexes                        1
   b - Ensorcelled Hibernation        Hexes/Ice                    2
   c - Confuse                        Hexes                        3
   d - Tukima's Dance                 Hexes                        3
   e - Dazzling Spray                 Conjuration/Hexes            3
Comestibles
 c - 20 rations


   Skills:
 + Level 11.6(16.6) Fighting
 * Level 15.4(20.4) Maces & Flails
 + Level 11.1(16.1) Armour
 - Level 3.2(8.2) Dodging
 - Level 1.5(6.5) Stealth
 - Level 6.0 Invocations


You had 11 spell levels left.
You didn't know any spells.

Dungeon Overview and Level Annotations

Branches:
Dungeon (10/15)            Temple (1/1) D:5            Lair (0/6) D:8
    Orc (0/2) D:10

Altars:
Ashenzari
Cheibriados
Dithmenos
Elyvilon
Fedhas
Gozag
Hepliaklqana
Kikubaaqudgha
Makhleb
Nemelex Xobeh
Okawaru
Ru
Sif Muna
Uskayaw
Vehumet
Wu Jian
Xom
Yredelemnul
Zin
The Shining One
Beogh
Lugonu

Shops:
D:6 =[?(

Annotations:
D:10 Sonja


Innate Abilities, Weirdness & Mutations

You reflexively headbutt those who attack you in melee.
You have a pair of horns on your head.


Message History

The red ugly thing closely misses you. The red ugly thing tentacle-slaps you!
* * * LOW HITPOINT WARNING * * *
You are engulfed in flames!
* * * LOW HITPOINT WARNING * * *
You are suddenly pulled into a different region of the Abyss!
Found a glaive.
You start resting.
A large abomination comes into view.
You start resting.
You feel like a meek peon again.
You start resting.
You gain the combat prowess of a mighty hero.
The large abomination hits you but does no damage.
You can now deal lightning-fast blows.
You hit the large abomination.
The large abomination convulses!
Your headbutt misses the large abomination.
The large abomination is moderately damaged.
The large abomination hits you!!
You die...

.... . .....
...... ......
#.... ....# .
##...###...###
..#.....#.....#...
..................
.................
.
........X........
.
.#....@#.....#....
#..#..#....##..#
#....#.#. . )... #
#.####....... ..
### . ....## .##
#. ##X.. . #
#..... .# .... .#
..## .#


You could see a large abomination.

Vanquished Creatures
  A tentacled starspawn (Abyss:2)
  2 very ugly things (Abyss:2)
  Erolcha (D:10)
  Erica (D:9)
  3 two-headed ogres
  An orc knight (D:10)
  An ugly thing (D:10)
  Maurice (D:10)
  The ghost of crossborder the Cudgeler, a novice TrMo (D:4)
  The ghost of tensugalgo the Skirmisher, an amateur NaWn (D:3)
  2 trolls
  A large abomination (Abyss:2)
  A human (D:8)
  A wraith (D:7)
  Eustachio (D:4)
  5 yaks (D:10)
  A hungry ghost (D:10)
  Grum (D:10)
  4 hogs (D:8)
  A water moccasin (D:9)
  7 orc warriors
  2 ice beasts
  A sky beast (D:6)
  A phantom (D:8)
  A black bear (D:6)
  2 necrophages (D:7)
  A centaur (D:5)
  An ogre (D:5)
  3 wolves (D:10)
  2 big kobolds (D:10)
  7 bullfrogs
  A wyvern skeleton (D:10)
  4 scorpions
  4 killer bees (D:8)
  2 wights (D:7)
  A howler monkey (D:10)
  A troll skeleton (D:7)
  A bullfrog zombie (D:10)
  3 crimson imps
  A centaur zombie (D:5)
  6 hounds
  4 bullfrog skeletons
  10 orc priests
  A centaur skeleton (D:5)
  2 human zombies (D:7)
  15 orc wizards
  Jessica (D:2)
  Ijyb (D:4)
  2 iguanas
  8 worker ants
  A killer bee zombie (D:6)
  An ogre zombie (D:7)
  2 hound skeletons (D:6)
  2 mummies (D:7)
  A worker ant zombie (D:7)
  14 adders
  5 gnolls
  4 shadow imps
  2 oozes
  An adder skeleton (D:7)
  An adder zombie (D:8)
  5 worms
  A dart slug (D:3)
  4 leopard geckos
  65 orcs
  9 bats
  4 giant cockroaches
  6 goblins
  6 hobgoblins
  4 jackals (D:8)
  15 kobolds
  4 quokkas
  2 ball pythons (D:2)
  6 frilled lizards
  A jackal skeleton (D:7)
  An orc skeleton (D:7)
  A quokka zombie (D:3)
  5 rats
300 creatures vanquished.

Vanquished Creatures (others)
  9 fungi (D:8)
  4 plants (D:8)
  2 starspawn tentacles (Abyss:2)
15 creatures vanquished.

Grand Total: 315 creatures vanquished

Notes
Turn   | Place    | Note
-------+----------+-------------------------------------------
     0 | D:1      | Norrik the Minotaur Monk began the quest for the Orb.
     0 | D:1      | Reached XP level 1. HP: 19/19 MP: 0/0
    27 | D:1      | Reached skill level 4 in Maces & Flails
    49 | D:1      | Reached XP level 2. HP: 27/27 MP: 1/1
   100 | D:1      | Reached skill level 1 in Armour
   934 | D:2      | Reached XP level 3. HP: 30/33 MP: 2/2
  1277 | D:2      | Reached skill level 5 in Maces & Flails
  1277 | D:2      | Reached XP level 4. HP: 32/41 MP: 3/3
  1469 | D:2      | Noticed Jessica
  1475 | D:2      | Killed Jessica
  1475 | D:2      | Reached XP level 5. HP: 43/47 MP: 4/4
  1547 | D:3      | Noticed tensugalgo's ghost (amateur NaWn)
  1919 | D:3      | Killed tensugalgo's ghost
  1919 | D:3      | Reached skill level 5 in Fighting
  1919 | D:3      | Reached skill level 6 in Maces & Flails
  1919 | D:3      | Reached XP level 6. HP: 56/56 MP: 5/5
  2130 | D:3      | Noticed an ice beast
  2177 | D:2      | HP: 4/84 [ice beast (14)]
  2179 | D:2      | Killed an ice beast
  2179 | D:2      | Reached skill level 7 in Maces & Flails
  2546 | D:3      | Reached XP level 7. HP: 62/62 MP: 6/6
  2745 | D:3      | Found a blossoming altar of Fedhas.
  2956 | D:3      | Found a hide-covered altar of Uskayaw.
  3041 | D:3      | Found a burning altar of Makhleb.
  3174 | D:3      | Found an ornate altar of the Wu Jian Council.
  3344 | D:4      | Found a shimmering altar of Xom.
  3374 | D:4      | Noticed crossborder's ghost (novice TrMo)
  3384 | D:4      | Killed crossborder's ghost
  3384 | D:4      | Reached skill level 8 in Maces & Flails
  3384 | D:4      | Reached skill level 5 in Armour
  3384 | D:4      | Reached XP level 8. HP: 71/71 MP: 7/7
  3399 | D:4      | Noticed Eustachio
  3450 | D:4      | Killed Eustachio
  3450 | D:4      | Reached skill level 9 in Maces & Flails
  3672 | D:4      | Noticed Ijyb
  3679 | D:4      | Killed Ijyb
  4001 | D:5      | Entered Level 5 of the Dungeon
  4169 | D:5      | Found a staircase to the Ecumenical Temple.
  4196 | D:5      | Found an opulent altar of Gozag.
  4236 | D:5      | Found a shimmering altar of Xom.
  4281 | Temple   | Entered the Ecumenical Temple
  4295 | Temple   | Became a worshipper of Warmaster Okawaru
  4295 | Temple   | Reached * piety under Okawaru
  4295 | Temple   | Reached ** piety under Okawaru
  4447 | D:6      | Found a deep blue altar of Sif Muna.
  4452 | D:6      | Reached skill level 10 in Maces & Flails
  4627 | D:6      | Found Vanulame's Jewellery Boutique.
  4684 | D:6      | Reached skill level 1 in Invocations
  5072 | D:6      | Found Vomm's Armour Boutique.
  5224 | D:6      | Reached XP level 9. HP: 55/81 MP: 9/9
  5431 | D:6      | Found Koazyett's Magic Scroll Emporium.
  5561 | D:6      | Found Qemizoed's Weapon Boutique.
  5998 | D:7      | Found a sparkling altar of Nemelex Xobeh.
  6145 | D:7      | Found a shattered altar of Ashenzari.
  6145 | D:7      | Found a shadowy altar of Dithmenos.
  6146 | D:7      | Found a hazy altar of Hepliaklqana.
  6427 | D:7      | Reached *** piety under Okawaru
  6427 | D:7      | Reached skill level 11 in Maces & Flails
  6486 | D:7      | Found a basalt altar of Yredelemnul.
  6896 | D:8      | Noticed a two-headed ogre
  6910 | D:8      | Killed a two-headed ogre
  6910 | D:8      | Reached **** piety under Okawaru
  6910 | D:8      | Reached skill level 12 in Maces & Flails
  6910 | D:8      | Reached XP level 10. HP: 29/88 MP: 6/12
  7042 | D:8      | Noticed a two-headed ogre
  7180 | D:8      | Killed a two-headed ogre
  7454 | D:8      | Found a staircase to the Lair.
  7510 | D:8      | Found a snail-covered altar of Cheibriados.
  7630 | D:8      | Found a sacrificial altar of Ru.
  7762 | D:8      | Reached ***** piety under Okawaru
  7762 | D:8      | Reached skill level 5 in Invocations
  7952 | D:9      | Noticed Erica
  7982 | D:9      | Killed Erica
  7982 | D:9      | Reached skill level 13 in Maces & Flails
  8179 | D:9      | Reached skill level 10 in Fighting
  9010 | D:10     | Entered Level 10 of the Dungeon
  9073 | D:10     | Noticed a two-headed ogre
  9087 | D:10     | Reached XP level 11. HP: 93/96 MP: 14/14
  9111 | D:10     | Got a jewelled flail
  9112 | D:10     | Identified the +7 flail of the Vine {holy, rPois Str+4 Int+6} (You found it on level 10 of the Dungeon)
  9123 | D:10     | Killed a two-headed ogre
  9156 | D:10     | Noticed a red ugly thing
  9158 | D:10     | Noticed Grum
  9164 | D:10     | Killed a red ugly thing
  9177 | D:10     | Killed Grum
  9212 | D:10     | Noticed Erolcha
  9220 | D:10     | Paralysed by Erolcha for 7 turns
  9230 | D:10     | Killed Erolcha
  9230 | D:10     | Received a gift from Okawaru
  9233 | D:10     | Reached skill level 14 in Maces & Flails
  9258 | D:10     | Identified a +0 pair of boots of running (Okawaru gifted it to you on level 10 of the Dungeon)
  9271 | D:10     | Found a roughly hewn altar of Beogh.
  9271 | D:10     | Found a staircase to the Orcish Mines.
  9299 | D:10     | Reached skill level 10 in Armour
  9893 | D:10     | Noticed Maurice
  9906 | D:10     | Killed Maurice
  9973 | D:10     | Noticed Sonja
 10102 | D:10     | Noticed an orc knight
 10124 | D:10     | Killed an orc knight
 10300 | D:10     | Cast into level 2 of the Abyss (Sonja)
 10322 | Abyss:2  | Noticed a tentacled starspawn
 10332 | Abyss:2  | Killed a tentacled starspawn
 10332 | Abyss:2  | Reached skill level 15 in Maces & Flails
 10343 | Abyss:2  | Got a polished triple crossbow
 10443 | Abyss:2  | Noticed a purple very ugly thing
 10451 | Abyss:2  | Found a corrupted altar of Lugonu.
 10451 | Abyss:2  | Noticed a purple very ugly thing
 10452 | Abyss:2  | Noticed a purple very ugly thing
 10453 | Abyss:2  | Noticed a purple ugly thing
 10460 | Abyss:2  | Noticed a purple ugly thing
 10465 | Abyss:2  | Killed a purple very ugly thing
 10481 | Abyss:2  | Killed a brown very ugly thing
 10481 | Abyss:2  | Reached XP level 12. HP: 33/107 MP: 7/15
 10490 | Abyss:2  | Found a corrupted altar of Lugonu.
 10502 | Abyss:2  | HP: 3/107 [red ugly thing (10)]
 10544 | Abyss:2  | Slain by a large abomination

Skill      XL: |  1  2  3  4  5  6  7  8  9 10 11 |
---------------+----------------------------------+-----
Maces & Flails | 4 5 6 7 8 10 12 13 15 | 15.4
Armour         | 1 2 3 4 5 6 8 9 11 | 11.1
Fighting       | 4 5 6 7 9 10 11 | 11.6
Invocations    | 1 4 5 6 |  6.0
Dodging        | |  3.2
Stealth        | |  1.5

Action                   |  1- 3 |  4- 6 |  7- 9 | 10-12 || total
-------------------------+-------+-------+-------+-------++-------
Melee: Mace              |    55 |    47 |   193 |       ||   295
       Headbutt          |     7 |    12 |    94 |    95 ||   208
       Morningstar       |       |       |   219 |    10 ||   229
       Punch             |       |       |     2 |     2 ||     4
       Dire flail        |       |       |       |   214 ||   214
       Flail             |       |       |       |   210 ||   210
Invok: Heroism           |       |       |     4 |    15 ||    19
       Finesse           |       |       |       |     3 ||     3
 Abil: Evoke Berserk Rag |       |     2 |     3 |       ||     5
  Use: Scroll            |       |     6 |    11 |     1 ||    18
 Stab: Sleeping          |     5 |     1 |       |       ||     6
  Eat: Chunk             |       |     2 |    15 |    14 ||    31
       Ration            |       |     1 |     1 |       ||     2
Armor: Robe              |    10 |       |       |       ||    10
       Ring mail         |    10 |    16 |    95 |       ||   121
       Chain mail        |       |       |    55 |       ||    55
       Plate armour      |       |       |     4 |   221 ||   225
Dodge: Dodged            |    44 |    33 |   266 |   159 ||   502
